Cogmind - Beta 13 @@@ ROGUE MODE // 2024.07.05 @ 20:49:08 Player: celerysam Result: Destroyed by H-77 Assassin with Coil Gun Performance ------------- Evolutions (6) 3000 Regions Visited (12) 2400 Robots Destroyed (36) 180 Value Destroyed (863) 863 Prototype IDs (6) 120 Alien Tech Used (0) 0 Bonus (500) 500 TOTAL SCORE: 7063 Bonus ------- Entered DSFs 500 Cogmind --------- Core Integrity 0/1150 Matter 117/300 Energy 100/100 System Corruption 0% Temperature Cool (0) Movement Treading (160) Location -4/Upper Caves Parts ------- > --- POWER (3) -------- (None) > --- PROPULSION (7) --- Medium Treads > --- UTILITY (5) ------ Advanced Hacking Suite > --- WEAPON (4) ------- (None) > --- INVENTORY (5) ---- Power Amplifier Improved Reaction Control System Peak State ------------ > --- POWER ------------ Fission Core Antimatter Reactor > --- PROPULSION ------- Armored Huge Wheel Armored Huge Wheel Improved Gyrokinetic Inverter Flight Unit VTOL Module > --- UTILITY ---------- Small Storage Unit Advanced Weight Redist. System Machine Analyzer Precision Matter Filter Advanced Hacking Suite > --- WEAPON ----------- Dispersion Rifle Advanced Assault Cannon Magnetic Acceleration Cannon Spear > --- INVENTORY -------- Heavy Deuterium Engine Advanced Weight Redist. System Improved Reaction Control System Improved Arc Projector Gauss Rifle [Rating: 80] Favorites ----------- Power Micro Fission Core Engine Ion Engine Power Core Micro Fission Core Reactor Antimatter Reactor Propulsion Flight Unit Treads Armored Treads Leg Improved Aluminum Leg Wheel Armored Huge Wheel Hover Unit Improved Gyrokinetic Inverter Flight Unit Flight Unit Utility Advanced Weight Redist. System Device Advanced Weight Redist. System Storage Small Storage Unit Processor Machine Analyzer Hackware Advanced Hacking Suite Weapon Magnetic Acceleration Cannon Energy Gun Plasma Rifle Energy Cannon Light EM Pulse Cannon Ballistic Gun Assault Rifle Ballistic Cannon Magnetic Acceleration Cannon Launcher Grenade Launcher Impact Weapon Heavy Flail Slashing Weapon Axe Piercing Weapon Spear Build | -11 -10 -9 -9 -8 -7 -7 -6 -5 -5 -5 -4 -4 ------- Run | Yrd Mat Mat Min Mat Fac DSF Fac Fac Upp Upp Fac Upp Slots Evolved 12 | . . 2 . 2 2 . 2 2 . . 2 . Power 2 | . . . . 1 . . . 1 . . . . Propulsion 5 | . . 2 . . 2 . . . . . 1 . Utility 3 | . . . . 1 . . 1 . . . 1 . Weapon 2 | . . . . . . . 1 1 . . . . Parts Attached 107 | 9 3 7 15 31 2 . 2 4 2 9 14 9 Power 21 | 1 1 . 4 7 . . . 1 1 2 2 2 Engine 14 | 1 1 . 4 6 . . . . 1 . . 1 Core 6 | . . . . 1 . . . 1 . 2 1 1 Reactor 1 | . . . . . . . . . . . 1 . Propulsion 36 | 4 . 5 5 10 1 . . 1 . 1 7 2 Treads 6 | 1 . . . 2 . . . . . . 1 2 Leg 2 | 1 . 1 . . . . . . . . . . Wheel 5 | 2 . 1 . . . . . . . 1 1 . Hover 2 | . . . . . . . . 1 . . 1 . Flight 21 | . . 3 5 8 1 . . . . . 4 . Utility 18 | 1 1 1 3 5 . . 1 1 . . 4 1 Device 12 | . 1 1 2 3 . . 1 . . . 3 1 Storage 3 | 1 . . 1 . . . . . . . 1 . Processor 1 | . . . . 1 . . . . . . . . Hackware 2 | . . . . 1 . . . 1 . . . . Protection . | . . . . . . . . . . . . . Artifact . | . . . . . . . . . . . . . Weapon 32 | 3 1 1 3 9 1 . 1 1 1 6 1 4 Energy Gun 8 | 1 1 . . . 1 . . . . 1 1 3 Energy Cannon 1 | . . 1 . . . . . . . . . . Ballistic Gun 10 | 2 . . 2 3 . . 1 . . 1 . 1 Ballistic Cannon 3 | . . . . . . . . . . 3 . . Launcher 5 | . . . 1 3 . . . . 1 . . . Special Weapon . | . . . . . . . . . . . . . Impact Weapon 2 | . . . . 2 . . . . . . . . Slashing Weapon 2 | . . . . 1 . . . 1 . . . . Piercing Weapon 1 | . . . . . . . . . . 1 . . Special Melee Weapon . | . . . . . . . . . . . . . Unidentified Prototypes 6 | . . . . 4 1 . . . . . 1 . Corrupted Parts 2 | . . . 2 . . . . . . . . . System Corruption 2 | . . . 2 . . . . . . . . . Parts Lost 52 | . . 1 4 12 . . . . 2 4 9 20 Power 11 | . . . 1 3 . . . . . 1 3 3 Propulsion 22 | . . 1 1 6 . . . . 2 2 3 7 Utility 7 | . . . . 2 . . . . . . . 5 Weapon 12 | . . . 2 1 . . . . . 1 3 5 Highest Loss Streak 15 | . . 1 4 6 . . . . 2 4 7 15 To Critical Strikes 1 | . . . . . . . . . . . 1 . Average Slot Usage (%) 79 | . 90 97 85 88 92 92 86 78 77 74 72 37 Engine 6 | . 14 11 10 12 15 15 13 8 5 . . . Core 4 | . . . . 4 . . . 2 5 10 6 1 Treads 1 | . . . . 9 . . . . . . . 3 Wheel 6 | . 28 2 . . . . . . . 4 7 1 Hover 1 | . . . . . . . . . 5 . 2 3 Flight 16 | . . 29 37 24 38 38 33 29 21 11 9 5 Device 13 | . 5 21 21 24 7 7 10 11 11 11 10 5 Storage 2 | . 14 . . . . . . . . . 2 2 Processor 3 | . . . . 1 7 7 6 5 5 5 5 5 Hackware 2 | . . . . . 7 7 6 5 5 5 5 5 Energy Gun 4 | . 14 2 . . 5 7 6 5 2 4 5 2 Ballistic Gun 4 | . 14 11 9 2 1 . 6 5 3 . . . Ballistic Cannon 3 | . . . . . . . . . . 9 8 . Slashing Weapon 1 | . . . . 4 7 7 2 2 5 . . . Piercing Weapon 1 | . . . . . . . . . . 4 3 . Naked Turns . | . . . . . . . . . . . . . Heaviest Build 58 | 14 16 12 12 25 25 25 29 29 29 40 58 24 Greatest Support 65 | 26 26 22 22 29 29 29 29 29 29 37 65 39 Greatest Overweight (x) 5 | . . . 1 2 . . . . 1 1 3 5 Average Overweight (x) . | . . . . . . . . . . . . . Largest Inventory Capacity 8 | 8 8 8 8 5 5 5 5 5 5 5 8 8 Average Capacity 5 | 6 8 5 5 5 5 5 5 5 5 5 6 6 Most Carried 8 | 6 8 7 5 5 5 5 5 5 5 5 8 6 Average Carried 5 | 4 7 5 4 4 4 5 4 4 5 4 5 4 Final Capacity 8 | 8 8 5 5 5 5 5 5 5 5 5 8 5 Final Carried 8 | 6 8 5 5 5 5 5 5 5 5 5 6 2 Class Distribution -------------------- 34% | Mutant 27% | Derelict-Tank 21% | Scavenger-Mutant 15% | Scavenger-Sprinter Dominant Class ---------------- Mutant | -10/Materials Mutant | -9/Materials Scavenger-Mutant | -9/Mines Scavenger-Mutant | -8/Materials Scavenger-Sprinter | -7/Factory Scavenger-Sprinter | -7/DSF Scavenger-Sprinter | -6/Factory Scavenger-Sprinter | -5/Factory Scavenger-Mutant | -5/Upper Caves Derelict-Tank | -5/Upper Caves Derelict-Tank | -4/Factory Mutant | -4/Upper Caves Resources | -11 -10 -9 -9 -8 -7 -7 -6 -5 -5 -5 -4 -4 ----------- Run | Yrd Mat Mat Min Mat Fac DSF Fac Fac Upp Upp Fac Upp Matter Collected 1294 | 74 101 . 148 548 . . . . 20 263 63 77 Remotely . | . . . . . . . . . . . . . Salvage Created 896 | . 97 . 55 449 . . . . 74 67 128 26 Parts 66 | . 8 . 4 30 . . . . 6 5 12 1 Haulers Intercepted . | . . . . . . . . . . . . . Recyclers Shooed 1 | . . . . . . . . . . . 1 . Parts Field Recycled . | . . . . . . . . . . . . . Retrieved Matter . | . . . . . . . . . . . . . Parts Self-Destructed 7 | . . . . . . . . . 2 3 . 2 Prevented 3 | . . . . . . . . . 3 . . . Kills | -11 -10 -9 -9 -8 -7 -7 -6 -5 -5 -5 -4 -4 ------- Run | Yrd Mat Mat Min Mat Fac DSF Fac Fac Upp Upp Fac Upp Combat Hostiles Destroyed 31 | . 5 . 3 11 . . . . 2 2 7 1 Melee 7 | . . . . 7 . . . . . . . . Guns 15 | . 5 . 2 . . . . . 1 2 4 1 Cannons 4 | . . . 1 . . . . . . . 3 . AOE 4 | . . . . 3 . . . . 1 . . . Classes Destroyed 10 | . 2 . . 6 . . . . 1 1 . . Worker 1 | . . . . 1 . . . . . . . . Builder 2 | . . . . 1 . . . . . . 1 . Recycler 1 | . . . . 1 . . . . . . . . Operator 1 | . . . . 1 . . . . . . . . Swarmer 20 | . 4 . 3 4 . . . . 1 . 7 1 Cutter 3 | . . . . 3 . . . . . . . . Grunt 1 | . 1 . . . . . . . . . . . Sentry 4 | . . . . 4 . . . . . . . . Hunter 2 | . . . . . . . . . . 2 . . Programmer 1 | . . . . . . . . . 1 . . . Best Kill Streak 9 | . 3 . 2 9 . . . . 1 2 4 1 Combat Bots Only 6 | . 3 . 2 6 . . . . 1 2 4 1 Max Kills in Single Turn 2 | . 1 . 1 2 . . . . 1 1 1 1 Gunslinging . | . . . . . . . . . . . . . Exploded 2 | . . . . 2 . . . . 1 . . . Melee 1 | . . . . 1 . . . . . . . . Uniques/NPCs Destroyed . | . . . . . . . . . . . . . Combat | -11 -10 -9 -9 -8 -7 -7 -6 -5 -5 -5 -4 -4 -------- Run | Yrd Mat Mat Min Mat Fac DSF Fac Fac Upp Upp Fac Upp Hostile Shots Fired 552 | . 22 18 41 94 . 1 4 2 42 27 107 194 Missed 200 | . 6 7 9 30 . 1 2 1 24 12 32 76 Damage Taken 5765 | . 153 141 256 935 . . 36 24 367 315 1141 2397 Core 1510 | . 11 14 51 111 . . 18 24 63 54 71 1093 Absorbed by Shields . | . . . . . . . . . . . . . Core Remaining (%) 91 | 100 95 . 83 79 . 100 97 . . 85 . . Volleys Fired 88 | . 15 4 11 5 . . 1 . 17 13 13 9 Largest 3 | . 2 2 2 1 . . 2 . 2 1 3 2 Hottest 189 | . 70 76 76 36 . . 83 . 83 30 189 180 Shots Fired 149 | . 30 8 14 5 . . 2 . 30 13 37 10 Gun 101 | . 30 4 7 3 . . 2 . 26 8 11 10 Cannon 37 | . . 4 7 . . . . . . . 26 . Launcher 11 | . . . . 2 . . . . 4 5 . . Special . | . . . . . . . . . . . . . Kinetic 80 | . 15 4 7 3 . . 1 . 13 8 26 3 Thermal 18 | . 4 . . . . . . . . . 11 3 Explosive 11 | . . . . 2 . . . . 4 5 . . Electromagnetic 40 | . 11 4 7 . . . 1 . 13 . . 4 Robot Hit Streak 8 | . 7 8 3 1 . . 1 . 7 5 3 4 Robot Miss Streak 6 | . 4 1 4 2 . . 1 . 1 2 6 3 Penetration Max 1 | . . . . . . . . . . 1 . . Secondary Targets . | . . . . . . . . . . . . . Shots Hit Robots 92 | . 19 6 6 16 . . 1 . 19 7 11 7 Core Hits 50 | . 7 . 3 13 . . . . 6 8 8 5 Critical Kills 2 | . . . . . . . . . . . 2 . Critical Parts Destroyed 1 | . . . . 1 . . . . . . . . Critical Strikes 5 | . . . . 1 . . . . . . 4 . Destroy 2 | . . . . . . . . . . . 2 . Blast 2 | . . . . . . . . . . . 2 . Smash 1 | . . . . 1 . . . . . . . . Melee Attacks 25 | . . . . 25 . . . . . . . . Impact 11 | . . . . 11 . . . . . . . . Slashing 14 | . . . . 14 . . . . . . . . Piercing . | . . . . . . . . . . . . . Sneak Attacks 2 | . . . . 2 . . . . . . . . Combat Hostiles . | . . . . . . . . . . . . . Follow-up Attacks . | . . . . . . . . . . . . . Damage Inflicted 2615 | . 285 112 95 910 . . 20 . 327 290 453 123 Guns 932 | . 285 22 37 . . . 20 . 215 97 135 121 Cannons 466 | . . 90 58 . . . . . . . 318 . Explosions 505 | . . . . 200 . . . . 112 193 . . Melee 710 | . . . . 710 . . . . . . . . Ramming 2 | . . . . . . . . . . . . 2 Kinetic 824 | . 120 22 37 . . . . . 171 97 318 59 Thermal 160 | . 25 . . . . . . . . . 135 . Explosive 505 | . . . . 200 . . . . 112 193 . . Electromagnetic 414 | . 140 90 58 . . . 20 . 44 . . 62 Impact 247 | . . . . 247 . . . . . . . . Slashing 463 | . . . . 463 . . . . . . . . Piercing . | . . . . . . . . . . . . . Highest Corruption 2 | . . . 2 . . . . . . . . . Average Corruption 1 | . . . 1 . . . . . . . . . Corruption Purged . | . . . . . . . . . . . . . Corruption Blocked . | . . . . . . . . . . . . . Effects 1 | . . . 1 . . . . . . . . . Message Errors 1 | . . . 1 . . . . . . . . . Overload Shots . | . . . . . . . . . . . . . Overflow Damage 248 | . . . . 203 . . . . 41 4 . . Projectiles . | . . . . . . . . . . . . . Explosions 66 | . . . . 21 . . . . 41 4 . . Melee 182 | . . . . 182 . . . . . . . . Knockbacks 4 | . . . . 1 . . . . . . 3 . Impact 1 | . . . . 1 . . . . . . . . Kinetic 3 | . . . . . . . . . . . 3 . Secondary . | . . . . . . . . . . . . . Self-Inflicted Damage 139 | . . . . 81 . . . . 10 48 . . Shots 7 | . . . . 2 . . . . 3 2 . . Rammed 2 | . . . . . . . . . . . . 2 Targets Rammed 2 | . . . . . . . . . . . . 2 Kicked . | . . . . . . . . . . . . . Crushed . | . . . . . . . . . . . . . Highest Temperature 512 | . 60 45 58 26 24 . 41 4 233 . 512 111 Average Temperature 92 | . 22 24 20 10 10 . 20 4 124 . 267 49 Received Heat Transfer 794 | . 30 69 . 234 . . 18 9 36 . 18 380 Effects 12 | . . . . . . . . . . . 12 . Shutdowns 5 | . . . . . . . . . . . 5 . Energy Bleed 1 | . . . . . . . . . . . 1 . Interference 3 | . . . . . . . . . . . 3 . Matter Decay 2 | . . . . . . . . . . . 2 . Damage (minor) 1 | . . . . . . . . . . . 1 . Siege Activations . | . . . . . . . . . . . . . Robots Corrupted . | . . . . . . . . . . . . . Combat Hostiles . | . . . . . . . . . . . . . Parts Fried 5 | . . . . 5 . . . . . . . . Impact Corruptions 2 | . . . . 2 . . . . . . . . Robots Melted . | . . . . . . . . . . . . . Combat Hostiles . | . . . . . . . . . . . . . Parts Melted . | . . . . . . . . . . . . . Heat Transferred 259 | . 74 . . . . . . . . . 185 . Parts Sabotaged . | . . . . . . . . . . . . . Parts Stolen . | . . . . . . . . . . . . . Parts Stripped . | . . . . . . . . . . . . . Power Chain Reactions . | . . . . . . . . . . . . . Alert | -11 -10 -9 -9 -8 -7 -7 -6 -5 -5 -5 -4 -4 ------- Run | Yrd Mat Mat Min Mat Fac DSF Fac Fac Upp Upp Fac Upp Peak Influence 298 | . 156 35 48 298 62 43 22 225 . . 211 . Initial 62 | . . . 13 18 62 43 22 10 . . . . Average 71 | . 22 9 43 149 62 43 22 99 . . 82 . Maximum Alert Level 1 | . . . . 1 . . . 1 . . 1 . Low Security (%) 95 | 100 100 100 100 89 100 100 100 57 . . 98 . Level 1 4 | . . . . 10 . . . 42 . . 1 . Level 2 . | . . . . . . . . . . . . . Level 3 . | . . . . . . . . . . . . . Level 4 . | . . . . . . . . . . . . . Level 5 . | . . . . . . . . . . . . . High Security . | . . . . . . . . . . . . . Max Security . | . . . . . . . . . . . . . Squads Dispatched 11 | . 1 . . 7 . . . 1 . . 2 . Investigation 3 | . 1 . . 1 . . . 1 . . . . Extermination 1 | . . . . . . . . . . . 1 . Reinforcement 4 | . . . . 3 . . . . . . 1 . Assault . | . . . . . . . . . . . . . Garrison 3 | . . . . 3 . . . . . . . . Intercept . | . . . . . . . . . . . . . Searches Triggered . | . . . . . . . . . . . . . Construction Impeded 1 | . . . . . . . . . . . 1 . Haulers Reinforced . | . . . . . . . . . . . . . Active Scanning Responses . | . . . . . . . . . . . . . Cargo Convoy Interrupts . | . . . . . . . . . . . . . Stealth | -11 -10 -9 -9 -8 -7 -7 -6 -5 -5 -5 -4 -4 --------- Run | Yrd Mat Mat Min Mat Fac DSF Fac Fac Upp Upp Fac Upp Distress Signals 2 | . . . . 2 . . . . . . . . Communications Jammed . | . . . . . . . . . . . . . Distress Signals . | . . . . . . . . . . . . . Times Spotted 98 | . 10 7 4 22 . . 2 1 11 2 17 22 Peak Tracking Total 13 | . 7 6 4 9 . 1 2 1 6 2 7 13 Tactical Retreats 14 | . 1 2 . . . . . . 2 . 2 7 Traps | -11 -10 -9 -9 -8 -7 -7 -6 -5 -5 -5 -4 -4 ------- Run | Yrd Mat Mat Min Mat Fac DSF Fac Fac Upp Upp Fac Upp Traps Triggered 1 | . 1 . . . . . . . . . . . Indirectly . | . . . . . . . . . . . . . Trap Hack Attempts . | . . . . . . . . . . . . . Triggered . | . . . . . . . . . . . . . Disarmed . | . . . . . . . . . . . . . Reprogrammed . | . . . . . . . . . . . . . Reused . | . . . . . . . . . . . . . Traps Extracted . | . . . . . . . . . . . . . Installed . | . . . . . . . . . . . . . Triggered . | . . . . . . . . . . . . . Machines | -11 -10 -9 -9 -8 -7 -7 -6 -5 -5 -5 -4 -4 ---------- Run | Yrd Mat Mat Min Mat Fac DSF Fac Fac Upp Upp Fac Upp Machines Disabled 1 | . . . . 1 . . . . . . . . Max in Single Turn 1 | . . . . 1 . . . . . . . . Garrison Access 1 | . . . . . . . . 1 . . . . Machines Repaired . | . . . . . . . . . . . . . Machines Dismantled . | . . . . . . . . . . . . . Machines Sabotaged . | . . . . . . . . . . . . . Overloaded Fab Kills . | . . . . . . . . . . . . . Hacking | -11 -10 -9 -9 -8 -7 -7 -6 -5 -5 -5 -4 -4 --------- Run | Yrd Mat Mat Min Mat Fac DSF Fac Fac Upp Upp Fac Upp Machines Accessed 8 | . . . . 3 2 . . 1 . 1 1 . Terminals 5 | . . . . 3 1 . . . . 1 . . Fabricators 1 | . . . . . . . . . . . 1 . Repair Stations . | . . . . . . . . . . . . . Recycling Units 1 | . . . . . 1 . . . . . . . Scanalyzers . | . . . . . . . . . . . . . Garrison Access 1 | . . . . . . . . 1 . . . . Total Hacks 11 | . . . . 6 2 . . 1 . 1 1 . Successful 8 | . . . . 3 2 . . 1 . 1 1 . Failed 3 | . . . . 3 . . . . . . . . Catastrophic . | . . . . . . . . . . . . . Database Lockouts . | . . . . . . . . . . . . . Manual 3 | . . . . 2 . . . 1 . . . . Terminals 8 | . . . . 6 1 . . . . 1 . . Fabricators 1 | . . . . . . . . . . . 1 . Repair Stations . | . . . . . . . . . . . . . Recycling Units 1 | . . . . . 1 . . . . . . . Scanalyzers . | . . . . . . . . . . . . . Garrison Access 1 | . . . . . . . . 1 . . . . Terminal Hacks 5 | . . . . 3 1 . . . . 1 . . Record 1 | . . . . . . . . . . 1 . . Open DSF 1 | . . . . . 1 . . . . . . . Alert Level 1 | . . . . 1 . . . . . . . . Recall Reinforcements 1 | . . . . 1 . . . . . . . . Zone Layout 1 | . . . . 1 . . . . . . . . Fabricator Hacks 1 | . . . . . . . . . . . 1 . Network Status 1 | . . . . . . . . . . . 1 . Repair Station Hacks . | . . . . . . . . . . . . . Recycling Unit Hacks 1 | . . . . . 1 . . . . . . . Report Inventory 1 | . . . . . 1 . . . . . . . Scanalyzer . | . . . . . . . . . . . . . Garrison Access Hacks . | . . . . . . . . . . . . . Unauthorized Hacks 1 | . . . . . . . . 1 . . . . Terminals . | . . . . . . . . . . . . . Fabricators . | . . . . . . . . . . . . . Repair Stations . | . . . . . . . . . . . . . Recycling Units . | . . . . . . . . . . . . . Scanalyzers . | . . . . . . . . . . . . . Garrison Access 1 | . . . . . . . . 1 . . . . Jam 1 | . . . . . . . . 1 . . . . Data Cores Recovered 1 | . . . . 1 . . . . . . . . Used . | . . . . . . . . . . . . . Hacking Detections 2 | . . . . . 2 . . . . . . . Full Trace Events . | . . . . . . . . . . . . . Feedback Events . | . . . . . . . . . . . . . Feedback Blocked . | . . . . . . . . . . . . . Robot Schematics Acquired . | . . . . . . . . . . . . . Robots Built . | . . . . . . . . . . . . . Authchips . | . . . . . . . . . . . . . Time . | . . . . . . . . . . . . . Total Robot Build Rating . | . . . . . . . . . . . . . Part Schematics Acquired . | . . . . . . . . . . . . . Parts Built . | . . . . . . . . . . . . . Authchips . | . . . . . . . . . . . . . Time . | . . . . . . . . . . . . . Total Part Build Rating . | . . . . . . . . . . . . . Parts Repaired . | . . . . . . . . . . . . . Time . | . . . . . . . . . . . . . Parts Recycled . | . . . . . . . . . . . . . Recycled Matter . | . . . . . . . . . . . . . Retrieved Matter . | . . . . . . . . . . . . . Retrieved Components . | . . . . . . . . . . . . . Parts Scanalyzed . | . . . . . . . . . . . . . Part Schematics Acquired . | . . . . . . . . . . . . . Parts Damaged . | . . . . . . . . . . . . . Bothacking | -11 -10 -9 -9 -8 -7 -7 -6 -5 -5 -5 -4 -4 ------------ Run | Yrd Mat Mat Min Mat Fac DSF Fac Fac Upp Upp Fac Upp Used RIF Installer . | . . . . . . . . . . . . . Robots Hacked . | . . . . . . . . . . . . . Non-combat . | . . . . . . . . . . . . . Combat . | . . . . . . . . . . . . . Robot Hacks Applied . | . . . . . . . . . . . . . Relay Couplers Released . | . . . . . . . . . . . . . Fabnet Peak Effective % . | . . . . . . . . . . . . . Robots Rewired . | . . . . . . . . . . . . . Allies Hacked . | . . . . . . . . . . . . . Hacks Repelled . | . . . . . . . . . . . . . Allies | -11 -10 -9 -9 -8 -7 -7 -6 -5 -5 -5 -4 -4 -------- Run | Yrd Mat Mat Min Mat Fac DSF Fac Fac Upp Upp Fac Upp Total Allies . | . . . . . . . . . . . . . Largest Group . | . . . . . . . . . . . . . Highest-Rated Group . | . . . . . . . . . . . . . Highest-Rated Ally . | . . . . . . . . . . . . . Total Orders . | . . . . . . . . . . . . . Ally Attacks . | . . . . . . . . . . . . . Total Damage . | . . . . . . . . . . . . . Kills . | . . . . . . . . . . . . . Allies Corrupted . | . . . . . . . . . . . . . Allies Melted . | . . . . . . . . . . . . . Intel | -11 -10 -9 -9 -8 -7 -7 -6 -5 -5 -5 -4 -4 ------- Run | Yrd Mat Mat Min Mat Fac DSF Fac Fac Upp Upp Fac Upp Robot Analysis Total . | . . . . . . . . . . . . . Derelict Logs Recovered 2 | . . . 1 . . . . . 1 . . . Drone Launches . | . . . . . . . . . . . . . Drone Recoveries . | . . . . . . . . . . . . . Exploration | -11 -10 -9 -9 -8 -7 -7 -6 -5 -5 -5 -4 -4 ------------- Run | Yrd Mat Mat Min Mat Fac DSF Fac Fac Upp Upp Fac Upp Turns Passed 2902 | 77 421 159 205 483 52 9 30 71 218 619 355 203 Spaces Moved 3770 | 56 368 140 343 684 157 32 85 222 531 621 314 217 Core 38 | 12 . . . 7 . . . . . . . 19 Treads 38 | 15 . . . 1 . . . . . . . 22 Legs 89 | 4 . 85 . . . . . . . . . . Wheels 1189 | 25 368 10 . . . . . . . 553 233 . Hover 96 | . . . . . . . . . . . 23 73 Flight 2320 | . . 45 343 676 157 32 85 222 531 68 58 103 Fastest Speed 28 | 50 90 47 31 31 28 28 28 28 28 34 40 50 Average Speed 61 | 102 90 95 38 49 28 28 28 28 31 92 92 74 Slowest Speed 300 | 160 90 120 130 170 28 28 28 28 111 115 295 300 Overloaded Moves . | . . . . . . . . . . . . . Propulsion Burnouts . | . . . . . . . . . . . . . Robots Hopped 7 | . . . . 3 . . . 1 2 . . 1 Cave-ins Triggered . | . . . . . . . . . . . . . Exploration Rate (%) 34 | 4 65 17 66 65 4 35 3 5 63 66 11 38 Regions Visited 12 Branch Regions 4 Pre-discovered Areas . | . . . . . . . . . . . . . Known Exits Taken 1 | . . . . . 1 . . . . . . . Unknown Exits Taken 10 | 1 1 1 1 1 . . 1 1 1 1 1 . Scrap Searched 6 | . . . 2 . . . . . 1 3 . . Spaces Dug 11 | . . . . . . . . . 11 . . . Terrain Destroyed 95 | . . . . 21 . . . . 22 46 6 . Melee . | . . . . . . . . . . . . . Projectile 8 | . . . . . . . . . . 2 6 . AOE 87 | . . . . 21 . . . . 22 44 . . Terrain Rammed . | . . . . . . . . . . . . . Walls Destroyed . | . . . . . . . . . . . . . Machines Disabled . | . . . . . . . . . . . . . Actions | -11 -10 -9 -9 -8 -7 -7 -6 -5 -5 -5 -4 -4 --------- Run | Yrd Mat Mat Min Mat Fac DSF Fac Fac Upp Upp Fac Upp Total 4136 | 71 429 156 399 780 165 31 88 228 548 647 348 246 Wait 71 | . 30 2 22 11 1 . . . . . . 5 Move 3744 | 55 367 139 342 677 156 31 84 219 526 620 313 215 Hop 7 | . . . . 3 . . . 1 2 . . 1 Pick Up 50 | 7 8 1 5 12 3 . . 2 . 1 6 5 Fast Attach 46 | 5 1 2 6 16 1 . 1 2 . 8 4 . Attach 34 | 1 . 3 3 9 1 . 1 1 . 1 5 9 Detach 2 | . . . . 1 . . 1 . . . . . Swap 27 | 3 2 2 6 6 . . . 1 2 . 5 . Drop 40 | . 6 3 4 15 3 . . 2 1 4 2 . Fire 88 | . 15 4 11 5 . . 1 . 17 13 13 9 Melee 25 | . . . . 25 . . . . . . . . Ram . | . . . . . . . . . . . . . Kick . | . . . . . . . . . . . . . Crush 2 | . . . . . . . . . . . . 2 Escape Stasis . | . . . . . . . . . . . . . Rewire . | . . . . . . . . . . . . . Trap . | . . . . . . . . . . . . . Miscellaneous . | . . . . . . . . . . . . . Route ------- -11/Scrapyard -10/Materials (discovered 3 exits: [*Mat] / [*Min x2]) -9/Materials -9/Mines -8/Materials -7/Factory -7/DSF -6/Factory -5/Factory -5/Upper Caves -5/Upper Caves -4/Factory (discovered 2 exits: [*Upp x2]) -4/Upper Caves History --------- Turn | Location | Event 14 | -11/Scrapyard | Discovered new exit (range 16) 78 | -11/Scrapyard | Entered Materials 130 | -10/Materials | Discovered new exit (range 8) 307 | -10/Materials | Build established: Mutant 380 | -10/Materials | Discovered new exit (range 16) 486 | -10/Materials | Discovered new exit (range 12) 499 | -10/Materials | Entered another Materials area 499 | -9/Materials | Evolved 2 slots: Propulsion x2 650 | -9/Materials | Discovered new exit (range 16) 658 | -9/Materials | Entered Mines 724 | -9/Mines | Lost 4 parts (1p1n2w) 770 | -9/Mines | Learned Materials trap positions 777 | -9/Mines | Found a hidden stash of uninstalled traps 824 | -9/Mines | Found a damaged Exp. Sensor Array with a note attached 826 | -9/Mines | Found Prototype Device 838 | -9/Mines | Discovered new exit (range 8) 863 | -9/Mines | Entered Materials 863 | -8/Materials | Evolved 2 slots: Power x1, Utility x1 863 | -8/Materials | Identified Exp. Sensor Array 864 | -8/Materials | Loaded intel: 16 trap records 985 | -8/Materials | Garrison activated, responded to threat 1008 | -8/Materials | Lost 5 parts (4n1w) 1272 | -8/Materials | Lost 6 parts (3p2n1u) 1332 | -8/Materials | Discovered new exit (range 11) 1346 | -8/Materials | Entered Factory 1346 | -7/Factory | Evolved 2 slots: Propulsion x2 1398 | -7/Factory | Identified exit to DSF 1398 | -7/Factory | Entered DSF 1404 | -7/DSF | Discovered new exit (range 12) 1407 | -7/DSF | Entered Factory 1407 | -6/Factory | Evolved 2 slots: Utility x1, Weapon x1 1432 | -6/Factory | Discovered new exit (range 13) 1437 | -6/Factory | Entered another Factory area 1437 | -5/Factory | Evolved 2 slots: Power x1, Weapon x1 1501 | -5/Factory | Discovered new exit (range 7) 1508 | -5/Factory | Entered Upper Caves 1512 | -5/Upper Caves | Learned Factory emergency access door positions 1524 | -5/Upper Caves | Build established: Scavenger-Sprinter 1581 | -5/Upper Caves | P-70 Sage assimilated allied 7F-59N(r) 1667 | -5/Upper Caves | Attracted the attention of an 0b10 checkpoint 1724 | -5/Upper Caves | Discovered new exit (range 9) 1726 | -5/Upper Caves | Entered another Upper Caves area 1799 | -5/Upper Caves | Lost 4 parts (1p2n1w) 2078 | -5/Upper Caves | Build established: Derelict-Tank 2299 | -5/Upper Caves | Discovered new exit (range 13) 2345 | -5/Upper Caves | Entered Factory 2345 | -4/Factory | Evolved 2 slots: Propulsion x1, Utility x1 2551 | -4/Factory | Discovered new exit (range 11) 2677 | -4/Factory | Lost 7 parts (2p2n3w) 2695 | -4/Factory | Discovered new exit (range 8) 2700 | -4/Factory | Entered Upper Caves 2758 | -4/Upper Caves | Attracted the attention of an 0b10 base 2800 | -4/Upper Caves | Core integrity fell below 50% 2833 | -4/Upper Caves | Lost 15 parts (3p5n3u4w) 2851 | -4/Upper Caves | Attracted the attention of an 0b10 checkpoint 2862 | -4/Upper Caves | Core integrity fell below 20% 2895 | -4/Upper Caves | Lost 4 parts (2n1u1w) 2903 | -4/Upper Caves | Destroyed by H-77 Assassin with Coil Gun Last Messages --------------- 02850_ Imp. Gyrokinetic Inverter destroyed. 02851_ Y-64 Sentinel: "INTERCEPTING UNREGISTERED DERELICT." 02852_ Acquired 48 matter. 02853_ Acquired Med. Treads. 02853_ Penetrated by Slug. 02859_ Med. Treads destroyed. 02862_ Penetrated by Slug. 02862_ Slug penetrates Y-64 Sentinel. 02863_ Penetrated by Slug. 02864_ Adv. Weight Redist. System destroyed. 02864_ Penetrated by Slug. 02864_ Gauss Rifle destroyed. 02867_ Penetrated by Slug. 02867_ Acquired Med. Treads. 02891_ Slug penetrates Wall. 02897_ Penetrated by Slug. 02903_ Slug penetrates Wall. 02903_ Machine Analyzer destroyed. 02903_ Slug penetrates Wall. 02903_ Penetrated by Slug. Map ----- +----------------------------------------------------+ | ?????????????????????????????????????????????????? | | ?????????????????????????????????????????????????? | | ?????????????????????????????????????????????????? | | ?????????????????????????????????????????????????? | | ?????????????????????????????????????????????????? | | ?????????????????????????????????????????????????? | | ?????????????????????????????????????????????????? | | ?????????????????????????????????????????????????? | | ?????????????????????????????????????????????????? | | ?????????????????????????????????????????????????? | | ???????????????????????? ??????????????????????? | | ???????????????????????? ??????????????????????? | | ???????????????????????? ??????????????????????? | | ???????????????????????? ??????????????????????? | | ???????????????????????? ??????????????????????? | | ???????????????????????? ??????????????????????? | | ???????????????????????? ??????????????????????? | | ???????????????????????? ??????????????????????? | | ??????????????????????? ?????????????????????? | | ??????????????????????""" """????????????????????? | | ???????????????????"""""" """"""?????????????????? | | ???????????????????"""""" """"""?????????????????? | | ?????????????????? """""" """""" ??#?????????????? | | ??????????????????? ? #?????????????? | | ???????????????# """""" """""" #?????????????? | | ?????????????### """"""@"""""" #?????????????? | | ?????????????# """""" " """" #?????????????? | | ?????????????# """"" " """" #?????????????? | | ?????????????# #?????????????? | | ?????????????# #?????????????? | | ?????????????# #?????????????? | | ?????????????# ######Y #######?????????????? | | ?????????? ### ???### #???????????????????? | | ?????????? ???## hg #???????????????????? | | ??????????? ??## h #???????????????????? | | ?????????????# ## ###???????????????????? | | ??????????????# ##?????????????????????? | | ??????????????## ##??????????????????????? | | ??????????????# ###?????????????????????? | | ??????????????# ## ##????????????????????? | | ??????????????# ##?### ##???????????????????? | | ??????????????# ??????#### #???????????????????? | | ???????????????????????## #???????????????????? | | ??????????????# ####### ##???????????????????? | | ??????????????# #????????????????????? | | ??????????????# ########????####??????? | | ??????????????############# ##??## #??????? | | ??????????????????????????#!%! #?## #??????? | | ??????????????????????????# !%! ### ???????? | | ???????????????????######## !! ## #???????? | +----------------------------------------------------+ Best States ------------- Heat Dissipation 43 Energy Generation 44 Energy Capacity 585 Matter Stores 300 Matter Capacity 300 Sight Range 16 Terrain Scan Density 10 Additional Mass Support 9 Evasion (%) 74 Recoil Reduction 1 Matter Filtering 50 Offensive Hacking 14 Item Schematics ----------------- None Robot Schematics ------------------ None Fabricated ------------ Nothing Alien Tech Used ----------------- None Achievements -------------- None Challenges ------------ None Game ------ Seed SniperElectronGreatsword Manual? 0 Play Time 00:57:11 Cumulative 88.1 hours Start 2024.07.05 @ 19:49:54 End 2024.07.05 @ 20:49:08 Sessions 1 Manual Loads 0 Difficulty Rogue Special Mode None Game No. 125 Rogue 125 Adventurer 0 Explorer 0 Win Type - Total 0 Types 0/0/0/0/0/0/0/0/0 Lore% 39 Gallery% 53 Achievement% 34 Wizard Run 0 Options --------- Layout 0 ASCII 0 Keyboard 0 Movement Mouse Keybinds 0 Fullscreen 1 Font 24/Smallcaps Map View 76x50 Zoom Use 0% Tactical HUD 1 Map Filters NONE Filters NONE Steam 1 RUN: 1b25479f-78e5-44ca-abf6-fc50173553db